 Dungeon Crawl Stone Soup version 0.28-a0-1613-gdaab1c2f9b (webtiles) character file.

Game seed: 15984710741216797894

153 murtidash the Magician (level 5, -7/40 HPs)
             Began as a Djinni Cinder Acolyte on Jan 21, 2022.
             Was a High Priest of Ignis.
             Mangled by a steam dragon (9 damage)
             ... on level 5 of the Dungeon.
             The game lasted 00:04:01 (3021 turns).

murtidash the Magician (Djinni Cinder Acolyte)      Turns: 3021, Time: 00:04:01

Health: -7/40      AC:  2    Str: 13    XL:     5   Next: 61%
Gold:   46         EV: 11    Int: 18    God:    Ignis [*****.] SH:  0 Dex:  8

rFire   + + +      SeeInvis .   a - -1 falchion (flame)
rCold   x . .      Faith    .   (no shield)
rNeg    + . .      Spirit   .   b - +0 robe
rPois   ∞          Reflect  .   (no helmet)
rElec   .          Harm     .   (no cloak)
rCorr   .          Rampage  .   (no gloves)
Will    .....                   (boots unavailable)
Stlth   +.........              (no amulet)
HPRegen 0.13/turn               i - ring of positive energy {rN+}
MPRegen 0.00/turn               (no ring)

@: flying, very slightly contaminated
A: sickness immunity, fire resistance 2, cold vulnerability 1, float, innate
caster, hp casting, extra vitality 1
a: Renounce Religion, Fiery Armour, Foxfire Swarm, Rising Flame


You were on level 5 of the Dungeon.
You worshipped Ignis.
Ignis was extremely pleased with you.
You visited 1 branch of the dungeon, and saw 4 of its levels.

You collected 46 gold pieces.

Inventory:

Hand Weapons
 a - a -1 falchion of flaming (weapon)
 n - a +0 dagger of flaming
   (You took it off an orc on level 5 of the Dungeon)
Armour
 b - a +0 robe (worn)
 c - a +0 pair of gloves
   (You found it on level 1 of the Dungeon)
Magical Staves
 m - a staff of death {rN+}
   (You found it on level 3 of the Dungeon)
Jewellery
 i - a ring of positive energy (left hand) {rN+}
   (You found it on level 2 of the Dungeon)
Scrolls
 e - a scroll of torment {unknown}
 f - a scroll of teleportation {unknown}
 g - a scroll of identify {unknown}
 j - a scroll of noise {unknown}
Potions
 d - 2 potions of magic {unknown}
 h - 2 potions of might {unknown}
 k - 2 potions of lignification {unknown}
 l - a potion of flight {unknown}


   Skills:
 + Level 3.2 Fighting
 - Level 2.6 Long Blades
 * Level 4.4 Spellcasting


You had 7 spell levels left.
You knew the following spells:

 Your Spells              Type           Power      Damage    Failure   Level
a - Foxfire               Conj/Fire      76%        2x1d7     2%          1
b - Scorch                Fire           38%        2d7       3%          2
c - Searing Ray           Conj           38%        2d5       3%          2
Your spell library was empty.

Dungeon Overview and Level Annotations

Branches:
Dungeon (3/15)

Altars:
Sif Muna


Innate Abilities, Weirdness & Mutations

You are immune to sickness and miasma.
You are immune to poison.
Your flesh is very heat resistant. (rF++)
You are vulnerable to cold. (rC-)
You float through the air rather than walking.
You learn spells naturally, not from books.
Your magical power is your life essence.
You have superior vitality. (+4 MHP)


Message History

You take 1 damage, and have 38/40 hp.
Jessica shouts, "Stop bothering me, or I'll kill you!"
The foxfire hits Jessica but does no damage.
The foxfire hits Jessica.
You kill Jessica!
Things that are here:
a +0 club; a +0 robe; the human corpse of Jessica Health restored: 40
Found a shimmering blue altar of Sif Muna.
There is an escape hatch in the floor here.
You reach down and open the door.
There is an open door here.
You reach down and open the door.
An orc comes into view. It is wielding a +0 club.
The orc shouts!
You conjure some foxfire!
The foxfire hits the orc. x2
You conjure some foxfire!
You take 1 damage, and have 39/40 hp.
The foxfire hits the orc!
You kill the orc!
There is an open door here.
Things that are here:
a +0 club; an orc corpse; Health restored: 40 You reach down and open the door.
There is an open door here.
m - a staff of death {rN+} An adder comes into view.
The adder hisses angrily.
You conjure some foxfire!
You take 1 damage, and have 39/40 hp.
The foxfire hits the adder.
The foxfire hits the adder.
Flames lash the adder.
You kill the adder!
You take 1 damage, and have 38/40 hp.
You reach down and open the door.
There is an open door here.
A sourceless malevolence fills the Dungeon...
You are sucked into a shaft and drop 2 floors!
The shaft crumbles and collapses.
An orc comes into view. It is wielding a +0 dagger of flaming.
The orc shouts!
Unknown command.
Health restored: 40 You conjure some foxfire!
The orc suddenly cheers.
You take 1 damage, and have 39/40 hp.
The foxfire hits the orc.
You conjure some foxfire!
The foxfire hits the orc but does no damage. x2
Flames lash the orc.
The orc's fire resistance burns away.
You take 2 damage, and have 37/40 hp.
Flames lash the orc.
The orc is burned terribly!
You hear an angry hiss.
You take 2 damage, and have 35/40 hp.
Flames lash the orc.
The orc is burned terribly!
You kill the orc!
You take 2 damage, and have 33/40 hp.
A steam dragon comes into view.
Things that are here:
a +0 dagger of flaming; a +0 ring mail; an orc corpse
n - a +0 dagger of flaming You aren't carrying any items that you can evoke.
Unknown command.
Flames lash the steam dragon.
The steam dragon's fire resistance burns away.
You take 1 damage, and have 32/40 hp.
Flames lash the steam dragon.
A water moccasin skeleton comes into view.
You take 2 damage, and have 30/40 hp.
Flames lash the steam dragon.
The steam dragon is burned terribly!
You take 2 damage, and have 28/40 hp.
Flames lash the steam dragon.
The steam dragon is burned terribly!
The steam dragon bites you. The steam dragon closely misses you.
You take 6 damage, and have 22/40 hp.
Flames lash the water moccasin skeleton.
The water moccasin skeleton's fire resistance burns away.
The steam dragon barely misses you. The steam dragon claws you.
You take 4 damage, and have 18/40 hp.
The water moccasin skeleton is no longer more vulnerable to fire.
The steam dragon closely misses you. The steam dragon misses you.
You miscast Scorch.
You are very lightly contaminated with residual magic.
Nothing appears to happen.
You take 2 damage, and have 17/40 hp.
Flames lash the steam dragon.
The steam dragon is burned terribly!
The steam dragon breathes steam at you. The ball of steam misses you.
You take 2 damage, and have 15/40 hp.
The steam dragon bites you!
* * * LOW HITPOINT WARNING * * *
The steam dragon claws you.
* * * LOW HITPOINT WARNING * * *
You take 12 damage, and have 4/40 hp.
MASSIVE DAMAGE!!
Flames lash the water moccasin skeleton.
The water moccasin skeleton's fire resistance burns away.
* * * LOW HITPOINT WARNING * * *
The steam dragon bites you!
You die...

#.### ###### #...
#....###.##
.###.##.##...#####
.....[............
####.##.##.Z.####
#.##.###.## #
#....# #.######.#
###### #...ZD@..#
##########


You could see a steam dragon (combustible) and a water moccasin skeleton
(combustible).

Vanquished Creatures
  A hound (D:2)
  Jessica (D:3)
  3 adders
  2 worms
  4 dart slugs
  2 orcs
  5 endoplasms
  A giant cockroach (D:2)
  4 hobgoblins
  2 jackals (D:1)
  7 kobolds
  4 quokkas
  4 ball pythons
  A bat (D:2)
  7 frilled lizards
  5 goblins
  3 rats (D:2)
56 creatures vanquished.

Vanquished Creatures (others)
  75 foxfires
75 creatures vanquished.

Grand Total: 131 creatures vanquished

Notes
Turn   | Place    | Note
-------+----------+-------------------------------------------
     0 | D:1      | murtidash the Djinni Cinder Acolyte began the quest for the
                  | Orb.
     0 | D:1      | Reached XP level 1. HP: 20/20 MP: 0/0
   183 | D:1      | Reached XP level 2. HP: 16/25 MP: 0/0
   601 | D:1      | Reached skill level 3 in Spellcasting
   838 | D:1      | Reached XP level 3. HP: 26/30 MP: 0/0
   838 | D:1      | Learned a level 1 spell: Foxfire
  1308 | D:2      | Reached XP level 4. HP: 29/35 MP: 0/0
  1769 | D:2      | Reached skill level 4 in Spellcasting
  2174 | D:2      | Found a faded altar of an unknown god.
  2396 | D:2      | Reached XP level 5. HP: 37/40 MP: 0/0
  2396 | D:2      | Learned a level 2 spell: Searing Ray
  2868 | D:3      | Noticed Jessica
  2876 | D:3      | Killed Jessica
  2988 | D:5      | Entered Level 5 of the Dungeon
  3000 | D:5      | Noticed a steam dragon
  3020 | D:5      | HP: 6/40 [steam dragon (10)]
  3021 | D:5      | Mangled by a steam dragon

Illustrated notes

Levels and vault maps discovered:
D:1:      tarquinn_simple_flora_water_a, layout_basic
D:2:      layout_loops_corners, shapermc_ecumenical_altar_mp_urbaneastern,
          minmay_between
D:3:      layout_basic, tgw_sif
D:5:      layout_loops_corners, grunt_temple_overflow_open, uniq_pikel,
          uniq_sigmund

Skill      XL: |  1  2  3  4 |
---------------+-------------+-----
Spellcasting   | 3 4 |  4.4
Fighting       | |  3.2
Long Blades    | |  2.6

Action                   |  1- 3 |  4- 6 || total
-------------------------+-------+-------++-------
Melee: Falchion          |    42 |       ||    42
 Cast: Foxfire           |     6 |    41 ||    47
       Scorch            |     2 |    29 ||    31
 Stab: Sleeping          |     1 |       ||     1
Armor: Robe              |     8 |     2 ||    10
Dodge: Dodged            |    24 |     7 ||    31

Table legend: (Time is in decaauts)
 A = Elapsed time spent in this place.
 B = Non-inter-level travel time spent in this place.
 C = Inter-level travel time spent in this place.
 D = Time resting spent in this place.
 E = Time spent auto-exploring this place.
 F = Levels seen in this place.
 G = Mean time per level.
                   A        B        C        D        E       F      G
               +--------+--------+--------+--------+--------+-----+--------+
         Total |   3027 |   2958 |     69 |      0 |   2650 |   4 |  756.8 |
       Dungeon |   3027 |   2958 |     69 |      0 |   2650 |   4 |  756.8 |
               +--------+--------+--------+--------+--------+-----+--------+

Top non-repeatable levels by time:
     D:2: 1427 daAuts
     D:1: 1244 daAuts
     D:3: 322 daAuts
     D:5: 32 daAuts

Table legend:
 A = Kills in this place as a percentage of kills in entire the game.
 B = Kills by you in this place as a percentage of kills by you in the entire game.
 C = Kills by friends in this place as a percentage of kills by friends in the entire game.
 D = Other kills in this place as a percentage of other kills in the entire game.
 E = Experience gained in this place as a percentage of experience gained in the entire game.
 F = Experience gained in this place divided by the number of levels of this place that you have seen.
                   A       B       C       D       E      F
               +-------+-------+-------+-------+-------+----------------------
         Total | 100.0 | 100.0 |   N/A |   N/A | 100.0 |  54.8
       Dungeon | 100.0 | 100.0 |   N/A |   N/A | 100.0 |  54.8
               +-------+-------+-------+-------+-------+----------------------
